 Dungeon Crawl Stone Soup version 0.20.0-14-g326068f (webtiles) character file.

161 Reinor the Ducker (level 5, -9/24 HPs)
             Began as a Spriggan Earth Elementalist on June 7, 2017.
             Killed by divine providence
             ... invoked by an orc priest
              (16 damage)
             ... on level 3 of the Dungeon.
             The game lasted 00:07:13 (2088 turns).

Reinor the Ducker (Spriggan Earth Elementalist)     Turns: 2088, Time: 00:07:14

Health: -9/24      AC:  2    Str:  4    XL:     5   Next: 18%
Magic:  1/12       EV: 20    Int: 18    God:
Gold:   97         SH:  0    Dex: 16    Spells: 6/12 levels left

rFire    . . .     SeeInvis +   p - +1 dagger (holy)
rCold    . . .     Gourm    .   (shield restricted)
rNeg     . . .     Faith    .   c - +0 robe
rPois    .         Spirit   .   (helmet restricted)
rElec    .         Reflect  .   (no cloak)
rCorr    .         Harm     .   (gloves unavailable)
MR       .....                  (boots unavailable)
Stlth    ++........             (no amulet)
Regen    0.1/turn               n - ring of wizardry
MPRegen  0.2/turn               (no ring)

@: very quick
A: unfitting armour, see invisible, herbivore 3, speed 3, slow metabolism 2
a: no special abilities


You were on level 3 of the Dungeon.
You were not hungry.

You visited 1 branch of the dungeon, and saw 3 of its levels.

You collected 97 gold pieces.

Inventory:

Hand Weapons
 p - a +1 dagger of holy wrath (weapon)
Missiles
 b - 145 stones (quivered)
Armour
 c - a +0 robe (worn)
Jewellery
 n - a ring of wizardry (left hand)
Scrolls
 a - 3 scrolls of teleportation
 l - a scroll of identify
Potions
 g - a potion of berserk rage
 h - 2 potions of mutation
 j - 2 potions of curing
 k - a potion of flight {unknown}
 m - a potion of resistance {unknown}
 o - a potion of agility {unknown}
Books
 e - a book of Geomancy

   Spells                             Type                      Level
   a - Sandblast                      Earth                        1
   b - Passwall                       Transmutation/Earth          2
   c - Stone Arrow                    Conjuration/Earth            3
   d - Petrify                        Transmutation/Earth          4
   e - Lee's Rapid Deconstruction     Earth                        5
Comestibles
 d - 2 bread rations


   Skills:
 + Level 5.0 Dodging
 - Level 3.0 Stealth
 + Level 4.2 Spellcasting
 - Level 1.3 Transmutations
 + Level 3.9 Earth Magic


You had 6 spell levels left.
You knew the following spells:

 Your Spells              Type           Power        Failure   Level  Hunger
a - Sandblast             Erth           ###...       1%          1    None
b - Passwall              Tmut/Erth      ##........   2%          2    ##.....
c - Stone Arrow           Conj/Erth      ##....       8%          3    ###....


Dungeon Overview and Level Annotations

Branches:
Dungeon (3/15)

Altars:


Innate Abilities, Weirdness & Mutations

You are very small and have problems with some larger weapons.
You are too small for most types of armour.
You have supernaturally acute eyesight. (SInv)
You are a herbivore.
You cover ground extremely quickly.
You need consume almost no food.


Message History

Aim: an orc priest, wielding a short sword and wearing a chain mail (heavily wounded)
The blast of sand hits the orc priest.
The orc priest is heavily wounded.
b - 145 stones You feel sick.
The orc priest hits you but does no damage.
Okay, then.
You see here a whip.
The orc priest miscasts a cantrip.
Things that are here:
a shortbow; 19 arrows; a centaur corpse You feel sick.
You see here a ring mail.
You feel sick.
You are no longer poisoned.
There is a stone staircase leading up here.
The orc priest mumbles some strange prayers to Beogh against you.
Beogh smites you!
Ouch! That really hurt!
You die...

###..#)##.#.#
.......[...#.#####
........##o.......
.###.#####o#####.#
... #.# ### #[#
#.# #.# #@# #.#
#.# #.# #.# #.#
#.# #.#


You could see an orc priest and an orc.

Vanquished Creatures
  A centaur (D:3)
  2 adders
  2 worms (D:2)
  3 dart slugs
  2 leopard geckos (D:1)
  3 orcs (D:3)
  2 giant cockroaches
  8 goblins
  4 hobgoblins
  3 jackals (D:3)
  6 kobolds
  3 bats
  3 frilled lizards
  9 rats
51 creatures vanquished.

Notes
Turn   | Place    | Note
-------+----------+-------------------------------------------
     0 | D:1      | Reinor the Spriggan Earth Elementalist began the quest for the Orb.
     0 | D:1      | Reached XP level 1. HP: 9/9 MP: 5/5
   219 | D:1      | Reached XP level 2. HP: 9/13 MP: 1/6
   224 | D:1      | Learned a level 2 spell: Passwall
   963 | D:1      | Reached XP level 3. HP: 16/16 MP: 8/8
  1303 | D:2      | Reached skill level 4 in Dodging
  1962 | D:2      | Learned a level 3 spell: Stone Arrow
  2018 | D:3      | Noticed a centaur
  2023 | D:3      | Killed a centaur
  2023 | D:3      | Reached XP level 4. HP: 21/21 MP: 8/11
  2034 | D:3      | Reached XP level 5. HP: 23/24 MP: 9/12
  2066 | D:3      | Reached skill level 5 in Dodging
  2088 | D:3      | Killed from afar by an orc priest

Skill      XL: |  1  2  3  4  5 |
---------------+----------------+-----
Earth Magic    | 3 |  3.9
Spellcasting   | 3 4 |  4.2
Dodging        | 4 5 |  5.0
Stealth        | |  3.0
Transmutations | |  1.3

Action                   |  1- 3 |  4- 6 || total
-------------------------+-------+-------++-------
Melee: Unarmed           |    11 |       ||    11
       Dagger            |    87 |    27 ||   114
 Cast: Sandblast         |    30 |    15 ||    45
       Passwall          |     1 |       ||     1
  Use: Scroll            |     6 |       ||     6
 Stab: Sleeping          |    12 |       ||    12
       Distracted        |     1 |       ||     1
Armor: Robe              |     5 |     6 ||    11
Dodge: Dodged            |    88 |    43 ||   131
